 Dungeon Sprint DCSS version 0.19.0-22-gd96e5fe (webtiles) character file.

441 dobroeutro the Grappler (level 6, -13/106 HPs)
             Began as a Troll Berserker on Nov 19, 2016.
             Was a Believer of Trog.
             Mangled by Sonja
             ... wielding a +2 short sword of distortion
              (19 damage)
             ... in the Dungeon (Sprint I: "Red Sonja").
             The game lasted 00:01:15 (176 turns).

dobroeutro the Grappler (Troll Berserker)            Turns: 176, Time: 00:01:15

Health: -13/106    AC:  5    Str: 32    XL:     6   Next: 70%
Magic:  5/5        EV: 10    Int:  3    God:    Trog [**....]
Gold:   302        SH:  0    Dex: 10    Spells: 0 memorised, 5 levels left

rFire  . . .     SeeInvis .       - Unarmed
rCold  . . .     Gourm    +     a - +0 animal skin
rNeg   . . .     Faith    .     (no shield)
rPois  .         Spirit   .     (helmet restricted)
rElec  .         Reflect  .     (no cloak)
rCorr  .         Harm     .     (gloves unavailable)
MR     .....     NoTele   +     (boots unavailable)
Stlth  ..........               (no amulet)
                                (no ring)
                                (no ring)

@: berserking, lethally poisoned (-13 -> -23), slowed
A: unfitting armour, claws 3, fast metabolism 3, gourmand, regeneration 1,
shaggy fur 1, tough skin 2
a: Berserk, Trog's Hand, Burn Spellbooks, Renounce Religion


You were in the Dungeon.
You worshipped Trog.
Trog was pleased with you.
You were hungry.

You visited 1 branch You collected 302 gold pieces.

Inventory:

Armour
 a - a +0 animal skin (worn)
Scrolls
 h - a scroll of blinking
Potions
 c - a potion of curing
 d - a potion of heal wounds
 e - a potion of haste
 f - 2 potions of magic
 g - a potion of berserk rage
Comestibles
 b - 2 bread rations


   Skills:
 + Level 7.5 Fighting
 - Level 2.4 Dodging
 * Level 11.9 Unarmed Combat


You had 5 spell levels left.
You didn't know any spells.

Dungeon Overview and Level Annotations

Branches:
Dungeon (1/1)

Altars:
Cheibriados
Dithmenos
Elyvilon
Fedhas
Gozag
Hepliaklqana
Kikubaaqudgha
Nemelex Xobeh
Okawaru
Qazlal
Ru
Sif Muna
Trog
Uskayaw
Vehumet
Yredelemnul
Zin
The Shining One

Shops:
D ?

Annotations:
D Sonja


Innate Abilities, Weirdness & Mutations

You are too large for most types of armour.
You have claws for hands.
Your metabolism is lightning-fast.
You like to eat raw meat.
Your natural rate of healing is unusually fast.
You are covered in fur. (AC +1)
You have very tough skin. (AC +2)


Message History

You feel yourself moving faster!
You feel mighty!
You are feeling hungry.
You feel very sick.
Sonja hits you with an uncursed short sword of distortion.
* * * LOW HITPOINT WARNING * * *
Sonja hits you but does no damage.
You feel a strange sense of stasis.
Sonja hits you with an uncursed short sword of distortion.
* * * LOW HITPOINT WARNING * * *
Space bends around you.
* * * LOW HITPOINT WARNING * * *
Sonja misses you. Sonja barely misses you. Sonja misses you.
You barely miss Sonja.
You feel sick.
Sonja hits you with an uncursed short sword of distortion.
* * * LOW HITPOINT WARNING * * *
Sonja hits you with an uncursed short sword of distortion.
* * * LOW HITPOINT WARNING * * *
Sonja hits you with an uncursed short sword of distortion.
* * * LOW HITPOINT WARNING * * *
Space warps horribly around you!
You die...

#..#####'#####'#
#).####..#...#[#
#..#__####..##.#
#..#_____##'#..+
#⌠⌠#_.∩...'..._#
####_..__##_.#+#
#_____###(#
#########.##


+$@$+ #$K$# ##.## #+# You could see Sonja.

Vanquished Creatures
  Sigmund (D)
  A yak (D)
  An ogre (D)
  A jelly (D)
  Ijyb (D)
5 creatures vanquished.

Notes
Turn   | Place    | Note
-------+----------+-------------------------------------------
     0 | D        | dobroeutro the Troll Berserker began the quest for the Orb.
     0 | D        | Reached XP level 1. HP: 22/22 MP: 0/0
     1 | D        | Noticed Ijyb
    10 | D        | Killed Ijyb
    10 | D        | Reached skill level 5 in Unarmed Combat
    10 | D        | Reached XP level 2. HP: 31/31 MP: 1/1
    13 | D        | Noticed an ogre
    24 | D        | Killed an ogre
    24 | D        | Reached skill level 5 in Fighting
    24 | D        | Reached skill level 8 in Unarmed Combat
    24 | D        | Reached XP level 3. HP: 21/42 MP: 2/2
    24 | D        | Reached XP level 4. HP: 25/50 MP: 3/3
    72 | D        | Noticed Sigmund
    80 | D        | Killed Sigmund
    80 | D        | Reached ** piety under Trog
    80 | D        | Reached skill level 10 in Unarmed Combat
    80 | D        | Reached XP level 5. HP: 61/61 MP: 4/4
    80 | D        | Reached XP level 6. HP: 68/68 MP: 5/5
   131 | D        | Found a deep blue altar of Sif Muna.
   133 | D        | Found a radiant altar of Vehumet.
   154 | D        | Found Xiegram's Magic Scroll Emporium.
   154 | D        | Found an ancient bone altar of Kikubaaqudgha.
   154 | D        | Found a hazy altar of Hepliaklqana.
   154 | D        | Found a hide-covered altar of Uskayaw.
   154 | D        | Found a basalt altar of Yredelemnul.
   154 | D        | Found an opulent altar of Gozag.
   154 | D        | Found a snail-covered altar of Cheibriados.
   154 | D        | Found a sacrificial altar of Ru.
   154 | D        | Found a shadowy altar of Dithmenos.
   154 | D        | Noticed a yak
   162 | D        | Killed a yak
   162 | D        | Reached skill level 11 in Unarmed Combat
   163 | D        | Found a stormy altar of Qazlal.
   163 | D        | Found a blossoming altar of Fedhas.
   163 | D        | Found a bloodstained altar of Trog.
   163 | D        | Found an iron altar of Okawaru.
   163 | D        | Found a glowing golden altar of the Shining One.
   163 | D        | Found a glowing silver altar of Zin.
   163 | D        | Found a white marble altar of Elyvilon.
   164 | D        | Found a sparkling altar of Nemelex Xobeh.
   171 | D        | Noticed Sonja
   176 | D        | Mangled by Sonja

Skill      XL: |  1  2  3  4  5  6 |
---------------+-------------------+-----
Fighting       | 3 5 6 7 |  7.5
Unarmed Combat | 5 8 10 11 | 11.9
Dodging        | |  2.4

Action                   |  1- 3 |  4- 6 || total
-------------------------+-------+-------++-------
Melee: Unarmed           |    11 |    16 ||    27
Invok: Berserk           |     1 |     2 ||     3
  Eat: Chunk             |       |     1 ||     1
Armor: Animal skin       |     1 |     2 ||     3
Dodge: Dodged            |     9 |     7 ||    16
